Map: Kairos Junction LE

Players

Krayze - Winner!

  • Race: Zerg Zerg
  • Spawn Location: 5:00

BilboBagins

  • Race: Zerg Zerg
  • League: Diamond
  • Spawn Location: 11:00

VOD

Have the link to the VOD?

Description

Time

  • Played on: April 20, 2019, 2:12 p.m.
  • Length: 4:14
Show
View Real Time Build Order
Export as new Build Order

Krayze Zerg - Winner!

Build Orders: 1 Base Baneling Bust, Pool Only 

Get SALT Encoding   

  12  0:00  Drone  
  13  0:14  Extractor  
  12  0:25  Spawning Pool  
  12  0:27  Drone  
  12  0:32  Drone  
  13  0:39  Drone  
  14  0:48  Overlord  
  14  1:11  Zergling x2  
  14  1:12  Zergling x4  
  14  1:18  Metabolic Boost  
  17  1:27  Queen  
  19  1:38  Baneling Nest  
  18  1:41  Zergling x2  
  19  1:51  Zergling x4  
  21  2:03  Zergling x2  
  21  2:08  Overlord  
  22  2:29  Baneling x5  
  22  2:31  Zergling x4  
  24  2:37  Zergling x4  
  24  2:41  Zergling x2  
  27  3:00  Zergling x4  
  29  3:14  Baneling x2  
  22  3:30  Zergling x8  
  15  3:51  Zergling x6  
  18  3:56  Zergling x2  
Show
View Real Time Build Order
Export as new Build Order

BilboBagins Zerg 

Build Orders: 1 Base Baneling Bust, Pool Only 

Get SALT Encoding   

  12  0:02  Drone  
  13  0:08  Drone  
  14  0:26  Spawning Pool  
  13  0:29  Drone  
  14  0:36  Extractor, Drone  
  14  0:42  Extractor, Drone  
  15  0:50  Overlord  
  15  1:13  Zergling x6  
  15  1:14  Queen  
  20  1:24  Zergling x2  
  21  1:35  Overlord  
  21  1:36  Metabolic Boost  
  21  1:46  Zergling x2  
  22  1:56  Baneling Nest  
  22  1:57  Zergling x2  
  22  2:08  Zergling x2  
  23  2:19  Zergling x2  
  24  2:28  Zergling x6  
  27  2:36  Zergling x2  
  28  2:43  Spine Crawler  
  26  2:48  Zergling x2  
  24  3:02  Baneling x2  
  24  3:03  Baneling x3, Zergling x4  
  25  3:06  Zergling x2  
  25  3:10  Zergling x2  
  27  3:16  Zergling x2  
  6  3:42  Zergling x2  
Tags
 
Add a new tag
Caveats
  • Supply blocks, unpowered buildings, or Contaminate may cause inaccurate times.
  • Supply counts are checked every 10 seconds.